 Dungeon Crawl Stone Soup version 0.19-a0-1513-gf6d23ed (webtiles) character file.

694 Charly the Twirler (level 7, -2/54 HPs)
             Began as a Mummy Gladiator on Sept 12, 2016.
             Was an Initiate of Ashenzari.
             Slain by a hell hound (7 damage)
             ... on level 5 of the Dungeon.
             The game lasted 00:36:36 (2351 turns).

Charly the Twirler (Mummy Gladiator)                Turns: 2351, Time: 00:36:37

Health: -2/54      AC:  8    Str: 18    XL:     7   Next: 37%
Magic:  7/7        EV: 10    Int:  8    God:    Ashenzari [......]
Gold:   168        SH:  0    Dex: 14    Spells: 0 memorised, 6 levels left

rFire  x . .     SeeInvis .     a - +1 quarterstaff (curse)
rCold  + . .     Gourm    .     f - +0 scale mail
rNeg   + + +     Faith    .     (shield currently unavailable)
rPois  ∞         Spirit   .     c - +0 helmet
rElec  .         Dismiss  .     (no cloak)
rCorr  .         Reflect  .     (no gloves)
MR     .....     Harm     .     k - +0 pair of boots (curse)
Stlth  ..........               (no amulet)
                                (no ring)
                                (no ring)

@: marked
A: no food or potions, fire vulnerability, cold resistance 1, negative energy
resistance 3, torment resistance, unbreathing
a: Curse Item, Renounce Religion


You were on level 5 of the Dungeon.
You worshipped Ashenzari.
Ashenzari was noncommittal.
You were not hungry.

You visited 2 branches of the dungeon, and saw 7 of its levels.
You also visited: Sewer.

You collected 168 gold pieces.

Inventory:

Hand Weapons
 a - a cursed +1 quarterstaff (weapon)
Missiles
 b - 5 curare-tipped needles
 h - 3 poisoned tomahawks (quivered)
Armour
 c - a +0 helmet (worn)
 f - a +0 scale mail (worn)
 k - a cursed +0 pair of boots (worn)
Wands
 e - a wand of polymorph (12/24)
Scrolls
 d - a scroll of teleportation {unknown}
 j - 2 scrolls of immolation {unknown}
 l - 2 scrolls of enchant weapon


   Skills:
 - Level 4.0 Fighting
 * Level 6.3 Staves
 - Level 1.5 Throwing
 + Level 1.2 Armour
 - Level 2.4 Dodging


You had 6 spell levels left.
You didn't know any spells.

Dungeon Overview and Level Annotations

Branches:
Dungeon (6/15)             Temple (1/1) D:5

Altars:
Ashenzari
Dithmenos
Kikubaaqudgha
Nemelex Xobeh
Okawaru
Sif Muna
Uskayaw
Vehumet

Annotations:
D:4 exclusion: downstairs


Innate Abilities, Weirdness & Mutations

You do not eat or drink.
Your flesh is vulnerable to fire.
You are immune to poison.
Your flesh is cold resistant. (rC+)
You are immune to negative energy. (rN+++)
You are immune to unholy pain and torment.
You can survive without breathing.


Message History

The centaur is lightly wounded.
The centaur hits you.
* * * LOW HITPOINT WARNING * * *
Unknown command.
Evoke which item? (* to show all) (? for menu, Esc to quit)
Zapping:
e - a wand of polymorph (will waste charges)
Press: ? - help, Shift-Dir - straight line, f - centaur
Aim: a centaur (black smoke, lightly wounded, chance to defeat MR: 46%)
The centaur evaporates and reforms as a hell hound!
Evoking this partially-identified wand wasted a few charges.
The hell hound bites you but does no damage.
The giant frog skeleton barely misses you.
As you read the scroll labeled RASIEV OGENURGH, it crumbles to dust.
It is a scroll of enchant weapon.
Your cursed +0 quarterstaff glows red for a moment.
The hell hound bites you!
* * * LOW HITPOINT WARNING * * *
The giant frog skeleton barely misses you.
The hell hound bites you!
You die...

############# #
#..§..#.....#..
#..§...........
#.#####§.§§..........
.....§§§§h§..........
######
#.§a§@§§..<.......
.....
.....##§§Z§§.........
...## .##
#§§§§§......... ....#
#..§......g...g ....#
#............g. ###.#
###.###........ ## #
#.# #####..## .##.#
..# ... ....# ##


You could see a hell hound, a worker ant and a giant frog skeleton.

Vanquished Creatures
  2 giant frogs (Sewer)
  2 scorpions
  A hound (D:4)
  An orc priest (D:5)
  An iguana (D:5)
  An orc wizard (D:5)
  2 worker ants
  11 adders
  2 gnolls (D:5)
  9 oozes
  An adder zombie (D:5)
  An adder skeleton (D:4)
  A worm (D:5)
  11 giant geckos (Sewer)
  6 orcs
  9 ball pythons
  15 giant cockroaches
  6 goblins
  11 hobgoblins
  8 jackals
  5 kobolds (D:1)
  2 quokkas (D:3)
  3 bats
  A giant gecko skeleton (D:5)
  14 giant newts
  A quokka skeleton (D:5)
  5 rats
132 creatures vanquished.

Vanquished Creatures (others)
  A human (D:4)
1 creature vanquished.

Grand Total: 133 creatures vanquished

Notes
Turn   | Place    | Note
-------+----------+-------------------------------------------
     0 | D:1      | Charly the Mummy Gladiator began the quest for the Orb.
     0 | D:1      | Reached XP level 1. HP: 16/16 MP: 1/1
    94 | D:1      | Reached XP level 2. HP: 19/22 MP: 2/2
   128 | D:1      | Reached skill level 3 in Staves
   183 | D:2      | Found a deep blue altar of Sif Muna.
   325 | D:3      | Reached XP level 3. HP: 16/27 MP: 3/3
   756 | D:5      | Entered Level 5 of the Dungeon
   756 | D:5      | Noticed a centaur
   756 | D:5      | Noticed an ogre
   801 | D:4      | Reached skill level 4 in Staves
   905 | D:4      | Noticed an ogre
  1058 | D:4      | Found an ancient bone altar of Kikubaaqudgha.
  1058 | D:4      | Noticed a scorpion
  1066 | D:4      | Killed a scorpion
  1066 | D:4      | Reached XP level 4. HP: 34/34 MP: 4/4
  1067 | D:4      | Noticed a human
  1069 | D:4      | Killed a human
  1243 | D:4      | Reached XP level 5. HP: 38/39 MP: 5/5
  1413 | D:5      | Reached skill level 5 in Staves
  1510 | D:5      | Reached XP level 6. HP: 39/47 MP: 6/6
  1773 | D:5      | Found a staircase to the Ecumenical Temple.
  1782 | Temple   | Entered the Ecumenical Temple
  1802 | Temple   | Became a worshipper of Ashenzari the Shackled
  1928 | D:6      | Found a glowing drain.
  1951 | Sewer    | Entered a sewer
  2171 | Sewer    | Reached XP level 7. HP: 52/54 MP: 7/7
  2218 | Sewer    | Reached skill level 6 in Staves
  2286 | Sewer    | Reached skill level 1 in Armour
  2351 | D:5      | Slain by a hell hound

Vault maps used:
D:1:      minmay_arrival_stair_chambers, st_stairs_5, serial_bayou_pond_b,
          eino_curves_04, minivault_27, minmay_newt_pond
D:2:      lemuel_coloured_pillars_altar
D:4:      first_bread, roderic_serpentine_path, tgw_kikubaaqudgha
D:5:      chequers_ossuary_entry_cave
D:6:      gammafunk_temple_overflow_claw, gup_sewer_entry_glass
Temple:   kb_temple_of_zot
Sewer:    sewer_frog_island_02

Skill      XL: |  1  2  3  4  5  6  7 |
---------------+----------------------+-----
Staves         | 3 4 5 6 |  6.3
Fighting       | 3 4 |  4.0
Armour         | 1 |  1.2
Throwing       | |  1.5
Dodging        | |  2.4

Action                   |  1- 3 |  4- 6 |  7- 9 || total
-------------------------+-------+-------+-------++-------
Melee: Quarterstaff      |   163 |   233 |    72 ||   468
Throw: Throwing net      |     3 |     2 |       ||     5
       Tomahawk          |       |       |     2 ||     2
Invok: Curse Item        |       |     2 |       ||     2
Evoke: Wand              |       |       |     1 ||     1
  Use: Scroll            |     1 |     7 |     2 ||    10
 Stab: Held in net/web   |     1 |       |       ||     1
Armor: Leather armour    |    36 |       |       ||    36
       Scale mail        |    40 |    96 |    39 ||   175
Dodge: Dodged            |   116 |   117 |    56 ||   289
